 Dungeon Crawl Stone Soup version 0.30.1-11-g7821555f0a (webtiles) character file.

Game seed: 9056926466745680089

375177 CrazyMind the Severer (level 21, -7/202 HPs)
             Began as an Armataur Fighter on Oct 17, 2023.
             Was the Champion of Jiyva.
             Mangled by a deep elf blademaster (15 damage)
             ... on level 3 of the Elven Halls on Oct 28, 2023.
             The game lasted 04:07:14 (41006 turns).

CrazyMind the Severer (Armataur Fighter)           Turns: 41006, Time: 04:07:15

Health: -7/202     AC: 22    Str: 45    XL:     21   Next: 43%
Magic:  30/30      EV: 14    Int:  7    God:    Jiyva [******]
Gold:   660        SH: 15    Dex: 16    Spells: 30/33 levels left

rFire   + + .        J - +7 war axe of True Grit {heavy, rF+ Will++ Str+8 Int-5}
rCold   + + +        V - +0 kite shield {reflect}
rNeg    . . .        y - +1 chain mail {rF+}
rPois   .            i - +2 helmet {SInv}
rElec   +            R - +1 cloak
rCorr   +            Z - +0 pair of fencer's gloves {Riposte Dex+3}
SInv    +            (no barding)
Will    ++++.        z - amulet of the Thirsty Invaders {Acrobat Dex+3}
Stlth   +++          Y - ring "Laiqytei" {rElec Will+ Str+6 Int+2 Stlth-}
HPRegen 2.13/turn    l - ring of flight
MPRegen 0.72/turn

%: reflection, acrobat, roll
@: marked, flying, hasted, studying 2 skills, invisible, very quick
A: large, rugged brown scales 3, deformed body, armoured tail, roll, long
tongue, awkward tongue, hooves 1, cold resistance 3, mutation resistance 2, wild
magic 3, eyeballs 1, gelatinous body 1, pseudopods 1, translucent skin 1,
tendrils, sturdy frame 2
}: 3/15 runes: barnacled, slimy, gossamer
a: Renounce Religion, Oozemancy, Slimify


You were on level 3 of the Elven Halls.
You worshipped Jiyva.
Jiyva was exalted by your worship.
You visited 9 branches of the dungeon, and saw 43 of its levels.
You visited the Abyss 1 time.
You also visited: Trove, Sewer, Bailey, Gauntlet and Ice Cave.

You collected 2902 gold pieces.
You spent 2242 gold pieces at shops.

Inventory:

Hand Weapons
 d - a +5 broad axe
 J - the +7 war axe of True Grit (weapon) {heavy, rF+ Will++ Str+8 Int-5}
   (You acquired it on level 2 of the Orcish Mines)

   Str:       It affects your strength (+8).
   Int:       It affects your intelligence (-5).
   rF:        It protects you from fire.
   Will:      It greatly increases your willpower.
Missiles
 g - 3 atropa-tipped darts
 k - 7 curare-tipped darts
 m - 30 boomerangs (quivered)
 v - 29 poisoned darts
 K - 22 javelins
 M - 8 throwing nets
 N - a silver boomerang
 U - 6 silver javelins
Armour
 h - a +1 leather armour of resistance
 i - a +2 helmet of see invisible (worn)
 s - a +2 hat of willpower
 y - a +1 chain mail of fire resistance (worn)
 H - a +2 scale mail of cold resistance
 R - a +1 cloak (worn)
 V - a +0 kite shield of reflection (worn)
 Z - the +0 pair of fencer's gloves (worn) {Riposte Dex+3}
   (You found it on level 5 of the Pits of Slime)

   Riposte:   It allows the wearer to riposte with melee weapons, swiftly
   retaliating against missed or blocked melee attacks.
   Dex:       It affects your dexterity (+3).
Jewellery
 l - a ring of flight (right hand)
 n - a ring of willpower
 q - a ring of poison resistance
 u - a ring of see invisible
 z - the amulet of the Thirsty Invaders (around neck) {Acrobat Dex+3}
   (You found it in a treasure trove)

   [amulet of the acrobat]

   It increases your evasion while moving and waiting.
   Dex:       It affects your dexterity (+3).
 W - a ring of protection from fire
 X - the ring "Daoren Hemo" {rN+ Slay+4}
   (You found it on level 5 of the Pits of Slime)

   [ring of slaying]

   Slay:      It affects your accuracy & damage with ranged weapons and melee
   (+4).
   rN:        It protects you from negative energy.
 Y - the ring "Laiqytei" (left hand) {rElec Will+ Str+6 Int+2 Stlth-}
   (You took it off a merfolk impaler on level 4 of the Shoals)

   [ring of strength]

   Str:       It affects your strength (+6).
   Int:       It affects your intelligence (+2).
   rElec:     It insulates you from electricity.
   Will:      It increases your willpower.
   Stlth:     It makes you less stealthy.
Wands
 f - a wand of acid (4)
 r - a wand of roots (56)
 B - a wand of charming (37)
 P - a wand of digging (8)
Scrolls
 e - 12 scrolls of teleportation
 j - 5 scrolls of magic mapping
 p - 6 scrolls of blinking
 t - a scroll of butterflies
 F - 2 scrolls of fog
 G - 4 scrolls of poison
 L - a scroll of silence
Potions
 a - 7 potions of mutation
 x - 9 potions of curing
 C - 8 potions of ambrosia
 D - a potion of might
 E - 3 potions of haste
 I - 5 potions of heal wounds
 O - 5 potions of lignification
 S - 5 potions of attraction
 T - 3 potions of resistance
Miscellaneous
 b - a condenser vane
 c - a phial of floods
 w - a box of beasts
 A - a phantom mirror
 Q - a lightning rod (4/4)


   Skills:
 + Level 16.3 Fighting
 + Level 19.7 Axes
 + Level 5.9 Throwing
 + Level 14.9 Armour
 + Level 8.7 Dodging
 - Level 10.0 Stealth
 + Level 17.7 Shields
 * Level 6.5 Spellcasting
 * Level 7.8 Translocations
 + Level 7.2 Evocations


You had 30 spell levels left.
You knew the following spells:

 Your Spells              Type           Power      Damage    Failure   Level
a - Apportation           Tloc           50%        N/A       9%          1
b - Blink                 Tloc           50%        N/A       12%         2

Your spell library contained the following spells:

 Spells                   Type           Power      Damage    Failure   Level
 Lesser Beckoning         Tloc           50%        N/A       12%         2
 Gell's Gravitas          Tloc           25%        N/A       17%         3
 Teleport Other           Tloc           25%        N/A       17%         3
 Momentum Strike          Conj/Tloc      28%        3d8       32%         2
 Vhi's Electric Charge    Tloc/Air       28%        N/A       50%         3
 Volatile Blastmotes      Fire/Tloc      28%        2d12      50%         3
 Beastly Appendage        Tmut           8%         N/A       65%         1
 Freeze                   Ice            16%        1d4       65%         1
 Magic Dart               Conj           16%        1d3       65%         1
 Necrotise                Necr           16%        1d4       65%         1
 Sting                    Tmut/Pois      16%        1d3       65%         1
 Summon Small Mammal      Summ           16%        N/A       65%         1
 Ensorcelled Hibernation  Hex/Ice        8%         N/A       77%         2
 Scorch                   Fire           8%         2d5       77%         2
 Searing Ray              Conj           8%         2d4       77%         2
 Sublimation of Blood     Necr           4%         N/A       77%         2
 Wereblood                Tmut           4%         N/A       77%         2
 Iskenderun's Mystic Bla  Conj/Tloc      14%        2d5       85%         4
 Frozen Ramparts          Ice            8%         1d2       92%         3
 Hailstorm                Conj/Ice       4%         3d4       92%         3
 Ignite Poison            Fire/Tmut/Pois 4%         N/A       92%         3
 Stone Arrow              Conj/Erth      8%         3d7       92%         3
 Summon Forest            Summ/Tloc      7%         N/A       98%         5
 Animate Armour           Summ/Erth      8%         N/A       100%        4
 Animate Dead             Necr           4%         N/A       100%        4
 Flame Wave               Conj/Fire      4%         2d5       100%        4
 Fulminant Prism          Conj/Hex       2%         3d5       100%        4
 Leda's Liquefaction      Hex/Erth       2%         N/A       100%        4
 Petrify                  Tmut/Erth      4%         N/A       100%        4
 Sticky Flame             Conj/Fire      4%         2d3       100%        4
 Summon Lightning Spire   Summ/Air       4%         N/A       100%        4
 Arcjolt                  Conj/Air       2%         1d12      100%        5
 Borgnjor's Vile Clutch   Necr/Erth      2%         N/A       100%        5
 Fireball                 Conj/Fire      2%         3d4       100%        5
 Lee's Rapid Deconstruct  Erth           2%         3d4*      100%        5
 Metabolic Englaciation   Hex/Ice        2%         N/A       100%        5
 Summon Mana Viper        Hex/Summ       4%         N/A       100%        5
 Death Channel            Necr           2%         N/A       100%        6
 Statue Form              Tmut/Erth      2%         N/A       100%        6
 Summon Cactus Giant      Summ           2%         N/A       100%        6
 Summon Hydra             Summ           2%         N/A       100%        7
 Disjunction              Tloc           12%        N/A       100%        8
 Ignition                 Fire           2%         3d3       100%        8
 Lehudib's Crystal Spear  Conj/Erth      2%         10d2      100%        8
 Maxwell's Capacitive Co  Air            2%         ∞         100%        8
 Dragon's Call            Summ           2%         N/A       100%        9


Dungeon Overview and Level Annotations

Branches:
Dungeon (15/15) Zot: 25126  Temple (1/1) D:5 Zot: 5882    Lair (5/5) D:8 Zot: 24692
 Shoals (4/4) Lair:2 Zot: 19795  Spider (4/4) Lair:3 Zot: 20364   Slime (5/5) Lair:4 Zot: 26633
    Orc (2/2) D:9 Zot: 10304     Elf (3/3) Orc:2 Zot: 14851  Vaults (4/5) D:13 Zot: 20038
  Crypt (0/3) Vaults:2     Depths (0/4) D:15          Sewer (visited)
 Bailey (visited)           IceCv (visited)         Gauntlet (visited)

Altars:
Ashenzari
Cheibriados
Dithmenos
Elyvilon
Fedhas
Gozag
Hepliaklqana
Kikubaaqudgha
Makhleb
Okawaru
Qazlal
Ru
Sif Muna
Trog
Uskayaw
Vehumet
Wu Jian
Xom
Yredelemnul
Zin
The Shining One
Jiyva

Shops:
D:8 =   Orc:2 :?[(*   Elf:1 (   Vaults:1 ?

Annotations:
Slime:5 Royal Jelly


Innate Abilities, Weirdness & Mutations

You are completely covered in rugged brown scales. (AC +3, +7% HP)
Armour fits poorly on your strangely shaped body.
You have a long armoured tail.
You roll when moving toward enemies. (Rampage)
Your long tongue fully drains potion bottles. (2x potion effects)
Your tongue gives you trouble enunciating. (1.5x scroll delay)
You have large cloven feet.
Your flesh is almost immune to the effects of cold. (rC+++)
You are somewhat resistant to both further mutation and mutation removal.
Your spells are much harder to cast, but much more powerful.
Your body has grown eyes which may confuse attackers. (Acc +3)
Your rubbery body absorbs attacks. (AC +1, EV +1)
Armour fits poorly on your pseudopods.
Your translucent skin slightly reduces your foes' accuracy. (Stealth+)
You are covered in slimy tendrils that may disarm your opponents.
Your movements are less encumbered by armour. (ER -4)


Message History

You hit the deep elf master archer.
The deep elf blademaster hits you but does no damage.
The deep elf master archer shoots an arrow.
The arrow hits you!
You feel yourself speed up.
You slurp down every last drop of the potion of haste!
The deep elf blademaster hits you!
* * * LOW HITPOINT WARNING * * *
The deep elf blademaster hits you!
* * * LOW HITPOINT WARNING * * *
The deep elf master archer shoots an arrow.
The arrow hits you!!
* * * LOW HITPOINT WARNING * * *
The deep elf blademaster hits you.
* * * LOW HITPOINT WARNING * * *
You block the deep elf blademaster's attack.
The deep elf master archer unwields a +0 longbow.
The deep elf master archer hits you!
* * * LOW HITPOINT WARNING * * *
Blink to where?
Press: ? - help, Dir - move target You can't see that place. [a stone wall.]
Okay, then.
Unknown command.
Okay, then.
Unknown command.
Unknown command.
Press: ? - help, v - describe, . - travel
Here: a deep elf master archer, wearing a +0 leather armour (moderately wounded)
The floor, spattered with blood.
Unknown command.
Press: ? - help, v - describe, . - travel
Here: a deep elf blademaster, wearing a +0 leather armour (severely wounded)
The floor, spattered with blood.
You fade into invisibility!
You slurp down every last drop of the potion of invisibility!
The deep elf blademaster hits you but does no damage.
The deep elf blademaster hits you!
You die...

#~~# ######
#~~##### !|[=.
#J.##:.. .//.
#..##.). ../
#..##..) )$
#..##... ###'#
#..##### #.e.#
######J.##### #.@e#
#...≈≈..≈≈...
#.).###...≈≈..≈≈...
#.###.....≈≈..≈≈...
#.# #.#...≈≈..≈≈...
#.###.######..#####
#.##.J.............
#.#......J.........
#.'........⌠..⌠....
#.#................


You could see a deep elf blademaster (unable to see you) and a deep elf master
archer (unable to see you).

Vanquished Creatures
  Bai Suzhen (Spider:3)
  Saint Roka (Orc:2)
  Nikola (Shoals:1)
  Arachne (Spider:2)
  Zenata (Elf:2)
  Jorgrun (D:13)
  A titan (Shoals:4)
  A deep elf blademaster (Elf:3)
  A deep elf master archer (Elf:3)
  Polyphemus (Shoals:2)
  Frances (Elf:1)
  A tentacled starspawn (Abyss:2)
  A kraken (Shoals:2)
  2 sphinxes
  A tengu reaver (Vaults:4)
  A shadow dragon (Vaults:3)
  Roxanne (D:14)
  Donald (Spider:2)
  9 vault wardens
  A frost giant (Vaults:1)
  Ilsuiw (Shoals:3)
  3 emperor scorpions
  5 deep elf sorcerers
  4 ghost moths
  Louise (Shoals:4)
  2 deep elf elementalists (Elf:3)
  21 ironbound preservers
  6 broodmothers
  The ghost of kalagan the Eclecticist, a journeyman DECj of Sif Muna (Elf:2)
  15 very ugly things
  2 stone giants
  6 ironbound thunderhulks
  4 deep elf demonologists
  A minotaur (Gauntlet)
  Azrael (Spider:2)
  4 dire elephants (Vaults:1)
  The ghost of sneaky the Grappler, a journeyman TrTm of Makhleb (Lair:4)
  A spark wasp (Spider:2)
  3 deep elf annihilators
  3 crystal guardians
  5 deep elf death magi
  Snorg (D:14)
  2 ettins
  4 merfolk javelineers
  7 entropy weavers
  14 merfolk impalers
  A fire dragon (D:12)
  2 deep elf high priests (Elf:3)
  5 yaktaur captains
  Fannar (Orc:1)
  Harold (Lair:1)
  9 hydras
  4 peacekeepers
  8 ironbound frosthearts
  4 radroaches
  2 jorogumos
  A catoblepas (Shoals:2)
  An alligator snapping turtle (Shoals:4)
  4 centaur warriors
  2 vault guards (Bailey)
  A merfolk aquamancer (Shoals:3)
  A merfolk avatar (Shoals:2)
  8 boulder beetles
  A death knight (D:15)
  26 dancing weapons
  4 two-headed ogres
  Erica (D:10)
  A satyr (Shoals:3)
  3 tengu warriors
  8 death yaks
  3 orc high priests
  A hell knight (Abyss:2)
  10 pharaoh ants
  A skeletal warrior (D:15)
  18 deep elf knights
  4 skysharks
  A fire crab (Shoals:2)
  A sixfirhy (Gauntlet)
  7 sea snakes
  8 orb spiders
  54 deep trolls
  Pikel (D:4)
  5 wizards
  A phantasmal warrior (D:15)
  17 deep elf archers
  30 deep elf zephyrmancers
  9 steelbarb worms
  13 ironbound convokers
  9 lindwurms
  37 deep elf pyromancers
  17 harpies
  An obsidian statue (Gauntlet)
  3 large abominations (Abyss:2)
  5 orc sorcerers
  A worldbinder (Abyss:2)
  6 orc knights
  9 manticores
  17 wolf spiders
  39 ugly things
  12 fauns
  10 cyclopes
  14 merfolk sirens
  5 moths of wrath
  5 elephants
  A guardian serpent (shapeshifter) (Elf:2)
  12 demonic crawlers
  11 water nymphs
  6 vault sentinels
  A gargoyle (D:12)
  9 cane toads
  An orange demon (Abyss:2)
  11 torpor snails
  An ice statue (IceCv)
  2 unseen horrors
  A kobold demonologist (D:10)
  7 rime drakes
  An efreet (D:15)
  9 komodo dragons
  2 freezing wraiths
  22 yaktaurs
  A tengu conjurer (D:13)
  An ancient zyme (Abyss:2)
  4 trolls
  19 merfolk
  9 meliai
  12 polar bears
  2 hornets (Lair:5)
  11 wind drakes
  2 tarantellas (shapeshifter) (D:13)
  Prince Ribbit (Bailey)
  Sigmund (D:5)
  15 blink frogs
  22 tarantellas
  6 flying skulls (Abyss:2)
  25 dream sheep
  21 jumping spiders
  21 culicivoras
  12 snapping turtles
  19 water elementals
  3 ynoxinuls (Abyss:2)
  6 shadows
  10 air elementals
  3 wyverns
  2 vampires (D:13)
  10 spriggans (Lair:5)
  3 wraiths
  51 yaks
  5 humans (Bailey)
  2 basilisks
  4 fire bats
  2 steam dragons (D:8)
  53 redbacks
  6 fire elementals
  6 wargs
  13 water moccasins
  3 hell hounds (Spider:2)
  An ice beast (D:6)
  43 orc warriors
  7 black bears
  A hornet zombie (D:8)
  6 boggarts
  A phantom (D:5)
  4 ogres
  20 centaurs
  64 wolves
  2 lemures (D:4)
  2 kobold brigands
  3 earth elementals (Elf:2)
  14 bullfrogs
  2 necrophages (D:8)
  8 wights
  18 killer bees
  2 electric eels
  A centaur zombie (D:8)
  4 crimson imps (D:3)
  A quasit (Abyss:2)
  A hound (D:5)
  A jelly (Sewer)
  10 orc priests
  A human zombie (D:8)
  3 iguanas
  3 sleepcaps (D:6)
  24 orc wizards
  3 mummies (D:8)
  12 gnolls
  3 adders
  6 river rats
  A white imp (D:6)
  3 ufetubi
  3 worms (D:2)
  A dart slug (D:4)
  92 orcs
  10 endoplasms
  4 giant cockroaches
  8 goblins
  6 hobgoblins
  9 jackals
  6 kobolds
  3 quokkas
  10 ball pythons
  5 bats
  5 frilled lizards
  10 rats
  A tentacle (Shoals:2)
1551 creatures vanquished.

Vanquished Creatures (collateral kills)
  Nergalle (D:10)
  2 spriggans (Lair:5)
  A merfolk (Shoals:4)
  A hornet (Lair:5)
  A dream sheep (Lair:5)
  A snapping turtle (Shoals:4)
  A shadow (D:9)
  A wolf (Lair:5)
  A black bear (Lair:5)
  An adder (D:5)
11 creatures vanquished.

Vanquished Creatures (others)
  A deep elf sorcerer (Elf:3)
  A very ugly thing (Vaults:3)
  4 great orbs of eyes
  2 deep elf knights
  A skyshark (Lair:4)
  An orb spider (Spider:4)
  2 lindwurms (Vaults:2)
  A deep elf pyromancer (D:15)
  A deep elf zephyrmancer (Elf:1)
  An ugly thing (D:15)
  3 vault sentinels (Vaults:2)
  A demonic crawler (Spider:4)
  A yaktaur (Vaults:3)
  A hornet (D:10)
  A tarantella (Spider:4)
  3 blink frogs
  28 slime creatures
  A basilisk (D:8)
  2 water moccasins
  2 black bears
  A sky beast (D:8)
  3 boggarts (Lair:5)
  3 centaurs
  3 kobold brigands
  2 bullfrogs
  A necrophage (D:8)
  2 killer bees (D:7)
  191 jellies
  3 orc priests
  An iguana (D:6)
  6 orc wizards
  3 gnolls
  A white imp (D:8)
  2 ufetubi
  13 orcs
  2 endoplasms (Lair:4)
  A goblin (D:8)
  2 hobgoblins (D:8)
  A quokka (D:5)
  10 kobolds
  A rat (Sewer)
  A butterfly (Lair:4)
  3 tentacles (Shoals:2)
314 creatures vanquished.

Grand Total: 1876 creatures vanquished

Notes
Turn   | Place    | Note
-------+----------+-------------------------------------------
     0 | D:1      | CrazyMind the Armataur Fighter began the quest for the Orb.
     0 | D:1      | Reached XP level 1. HP: 19/19 MP: 1/1
   186 | D:1      | Reached skill level 2 in Axes
   254 | D:1      | Reached XP level 2. HP: 26/26 MP: 2/2
   647 | D:1      | Reached XP level 3. HP: 32/32 MP: 3/3
  1269 | D:2      | Reached XP level 4. HP: 36/39 MP: 4/4
  1332 | D:2      | Reached skill level 3 in Axes
  1820 | D:3      | Found a shimmering altar of Xom.
  1863 | D:3      | Reached XP level 5. HP: 48/48 MP: 5/5
  2057 | D:3      | Reached skill level 4 in Axes
  2470 | D:4      | Found a shimmering blue altar of Sif Muna.
  2576 | D:4      | Noticed a lemure
  2591 | D:4      | Killed a lemure
  2593 | D:4      | Reached XP level 6. HP: 17/54 MP: 6/6
  2676 | D:4      | Noticed Pikel
  2688 | D:4      | Killed Pikel
  2689 | D:4      | Reached skill level 5 in Axes
  2689 | D:4      | Reached skill level 5 in Armour
  2689 | D:4      | Reached skill level 1 in Dodging
  2689 | D:4      | Reached XP level 7. HP: 34/60 MP: 7/7
  2749 | D:4      | Reached skill level 6 in Axes
  3382 | D:5      | Entered Level 5 of the Dungeon
  3521 | D:5      | Found a glowing drain.
  3529 | Sewer    | Entered a sewer
  3648 | Sewer    | Reached XP level 8. HP: 66/67 MP: 8/8
  3685 | Sewer    | Found a viscous altar of Jiyva.
  3697 | Sewer    | Became a worshipper of Jiyva Jiog the Shapeless
  3799 | D:5      | You fall into a shaft and drop 1 floor!
  3848 | D:5      | Noticed Sigmund
  4145 | D:6      | Reached skill level 7 in Axes
  4202 | D:6      | Reached * piety under Jiyva
  4258 | D:5      | Found a snail-covered altar of Cheibriados.
  4437 | D:5      | Killed Sigmund
  4563 | D:5      | Reached skill level 1 in Stealth
  4620 | D:5      | Found a staircase to the Ecumenical Temple.
  4629 | Temple   | Entered the Ecumenical Temple
  5032 | D:6      | Reached ** piety under Jiyva
  5481 | D:7      | Reached skill level 8 in Axes
  5481 | D:7      | Reached XP level 9. HP: 62/75 MP: 9/9
  6047 | D:7      | Reached *** piety under Jiyva
  6332 | D:8      | Gained mutation: You have sharp toenails. [Jiyva's grace]
  6332 | D:8      | Gained mutation: You have razor-sharp toenails. [Jiyva's
                  | grace]
  6332 | D:8      | Gained mutation: You have claws for feet. [Jiyva's grace]
  6332 | D:8      | Gained mutation: You have acidic saliva. [Jiyva's grace]
  6337 | D:8      | Found a flagged portal.
  6344 | D:8      | Reached skill level 5 in Shields
  6356 | Bailey   | Entered a bailey
  6426 | Bailey   | Reached skill level 9 in Axes
  6518 | Bailey   | Noticed Prince Ribbit
  6519 | Bailey   | Noticed a vault guard
  6528 | Bailey   | Killed Prince Ribbit
  6536 | Bailey   | Killed a vault guard
  6537 | Bailey   | Reached skill level 10 in Axes
  6537 | Bailey   | Reached XP level 10. HP: 32/85 MP: 3/10
  6555 | Bailey   | Noticed a vault guard
  6568 | Bailey   | Killed a vault guard
  6725 | D:8      | Found a glowing silver altar of Zin.
  6726 | D:8      | Noticed an angel
  6739 | D:8      | Noticed an elephant
  6746 | D:8      | Killed an elephant
  6843 | D:8      | Reached **** piety under Jiyva
  6908 | D:8      | Found Plog's Jewellery Shop.
  7158 | D:8      | Found an ancient bone altar of Kikubaaqudgha.
  7196 | D:8      | Reached skill level 5 in Fighting
  7196 | D:8      | Reached skill level 11 in Axes
  7250 | D:8      | Found a staircase to the Lair.
  7302 | D:8      | Found a sacrificial altar of Ru.
  7627 | D:9      | Found an iron altar of Okawaru.
  7909 | D:9      | Noticed a two-headed ogre
  7999 | D:9      | Reached ***** piety under Jiyva
  8097 | D:9      | Reached XP level 11. HP: 94/94 MP: 3/11
  8118 | D:9      | Found a staircase to the Orcish Mines.
  8288 | D:9      | Lost mutation: You have claws for feet. [Jiyva's grace]
  8288 | D:9      | Lost mutation: You have razor-sharp toenails. [Jiyva's
                  | grace]
  8288 | D:9      | Lost mutation: You have sharp toenails. [Jiyva's grace]
  8288 | D:9      | Gained mutation: You have large cloven feet. [Jiyva's
                  | grace]
  8288 | D:9      | Gained mutation: You have hoof-like feet. [Jiyva's grace]
  8288 | D:9      | Gained mutation: You have hooves in place of feet. [Jiyva's
                  | grace]
  8288 | D:9      | Gained mutation: Your spells are a little harder to cast,
                  | but a little more powerful. [Jiyva's grace]
  8363 | D:9      | Noticed a two-headed ogre
  8386 | D:9      | Killed a two-headed ogre
  8554 | D:10     | Entered Level 10 of the Dungeon
  8658 | D:10     | Noticed Nergalle
  8667 | D:10     | Paralysed by a hornet for 1 turns
  8671 | D:10     | Noticed a spectral orc warlord
  8964 | D:10     | Killed Nergalle
  9008 | D:10     | Noticed a centaur warrior
  9020 | D:10     | Killed a centaur warrior
  9021 | D:10     | Reached skill level 1 in Throwing
  9157 | D:10     | Noticed Erica
  9413 | D:8      | Bought a ring of willpower for 300 gold pieces
  9459 | Lair:1   | Entered Level 1 of the Lair of Beasts
  9502 | Lair:1   | Noticed Harold
  9518 | Lair:1   | Killed Harold
 10200 | Lair:1   | Reached skill level 12 in Axes
 10650 | Lair:2   | Reached skill level 10 in Armour
 10672 | Lair:2   | Reached XP level 12. HP: 103/103 MP: 4/12
 10758 | Lair:2   | Lost mutation: You have hooves in place of feet. [Jiyva's
                  | grace]
 10758 | Lair:2   | Gained mutation: You are strong-willed. (Will+) [Jiyva's
                  | grace]
 10758 | Lair:2   | Gained mutation: You are highly strong-willed. (Will++)
                  | [Jiyva's grace]
 10758 | Lair:2   | Gained mutation: You are extremely strong-willed. (Will+++)
                  | [Jiyva's grace]
 10758 | Lair:2   | Gained mutation: You expend magic power (3 MP) to
                  | strengthen your wands. [Jiyva's grace]
 11059 | Lair:2   | Found a staircase to the Shoals.
 11321 | Lair:3   | Noticed a seven-headed hydra
 11397 | Lair:3   | Reached ****** piety under Jiyva
 11550 | Lair:3   | Found a hole to the Spider Nest.
 11729 | Lair:3   | Noticed a six-headed hydra
 11741 | Lair:3   | Killed a six-headed hydra
 11921 | Lair:3   | Reached skill level 1 in Evocations
 12053 | Lair:3   | Killed a seven-headed hydra
 12479 | Lair:4   | Found a transporter.
 12480 | Lair:4   | Noticed sneaky's ghost (journeyman TrTm)
 12499 | Lair:4   | Found a transporter.
 12552 | Lair:4   | Reached skill level 13 in Axes
 12590 | Lair:4   | Noticed a five-headed hydra
 12603 | Lair:4   | Killed a five-headed hydra
 12703 | Lair:4   | Found a staircase to the Slime Pits.
 12724 | Lair:4   | Lost mutation: You have hoof-like feet. [Jiyva's grace]
 12724 | Lair:4   | Lost mutation: You are extremely strong-willed. (Will+++)
                  | [Jiyva's grace]
 12724 | Lair:4   | Lost mutation: You are highly strong-willed. (Will++)
                  | [Jiyva's grace]
 12724 | Lair:4   | Lost mutation: Your spells are a little harder to cast, but
                  | a little more powerful. [Jiyva's grace]
 12724 | Lair:4   | Lost mutation: You expend magic power (3 MP) to strengthen
                  | your wands. [Jiyva's grace]
 12724 | Lair:4   | Gained mutation: You are covered in slimy tendrils that may
                  | disarm your opponents. [Jiyva's grace]
 12724 | Lair:4   | Gained mutation: Armour fits poorly on your pseudopods.
                  | [Jiyva's grace]
 12724 | Lair:4   | Gained mutation: Armour fits poorly on your large
                  | pseudopods. [Jiyva's grace]
 12724 | Lair:4   | Gained mutation: Armour fits poorly on your massive
                  | pseudopods. [Jiyva's grace]
 12866 | Lair:4   | Reached XP level 13. HP: 112/112 MP: 13/13
 13067 | Lair:4   | Identified the +4 long sword "Cast" {heavy, Contam rF+
                  | Will+ Stlth+}
 13226 | Lair:5   | Entered Level 5 of the Lair of Beasts
 13250 | Slime:1  | Entered Level 1 of the Pits of Slime
 13250 | Slime:1  | Noticed an azure jelly
 13279 | Slime:1  | Noticed a rockslime
 13290 | Slime:1  | Noticed a rockslime
 13335 | Slime:1  | Noticed a rockslime
 13360 | Slime:1  | Noticed an azure jelly
 13389 | Slime:1  | Noticed an azure jelly
 13547 | Slime:1  | Noticed an acid blob
 13651 | Slime:2  | Noticed a rockslime
 13660 | Slime:2  | Noticed an acid blob
 13694 | Slime:2  | Noticed a quicksilver ooze
 13696 | Slime:2  | Noticed a rockslime
 13702 | Slime:2  | Noticed an acid blob
 13813 | Slime:3  | Noticed an acid blob
 13829 | Slime:3  | Noticed a rockslime
 13835 | Slime:3  | Noticed an azure jelly
 13842 | Slime:3  | Noticed a quicksilver ooze
 13916 | Slime:3  | Noticed a quicksilver ooze
 13990 | Slime:2  | Noticed an acid blob
 14155 | Slime:4  | Noticed an acid blob
 14217 | Slime:4  | Noticed an acid blob
 14310 | Slime:4  | Noticed an acid blob
 14435 | Slime:3  | Noticed a rockslime
 14435 | Slime:3  | Noticed an acid blob
 14448 | Slime:3  | Noticed an acid blob
 14448 | Slime:3  | Noticed an azure jelly
 14629 | Slime:5  | Entered Level 5 of the Pits of Slime
 14659 | Slime:5  | Noticed an acid blob
 14659 | Slime:5  | Noticed an azure jelly
 14661 | Slime:5  | Noticed an acid blob
 14662 | Slime:5  | Noticed an azure jelly
 14685 | Slime:5  | Noticed an azure jelly
 14708 | Slime:5  | Noticed an azure jelly
 14743 | Slime:5  | Noticed a quicksilver ooze
 14768 | Slime:5  | Noticed a quicksilver ooze
 14781 | Slime:5  | Noticed a quicksilver ooze
 14788 | Slime:5  | Noticed an acid blob
 14812 | Slime:5  | Found a viscous altar of Jiyva.
 14814 | Slime:5  | Found the +0 pair of fencer's gloves {Riposte Dex+3}
 14814 | Slime:5  | Noticed a rockslime
 14815 | Slime:5  | Noticed an acid blob
 14817 | Slime:5  | Noticed an acid blob
 14818 | Slime:5  | Got the Secrets of the Gang
 14821 | Slime:5  | Got a slimy rune of Zot
 14828 | Slime:5  | Identified the staff of poison "Juivocob" {rPois SInv}
 14836 | Slime:5  | Identified the ring "Daoren Hemo" {rN+ Slay+4}
 14839 | Slime:5  | Identified the +1 spear of Purpose {antimagic, Will+
                  | Stlth+}
 14871 | Slime:5  | Noticed a quicksilver ooze
 14877 | Slime:5  | Noticed the Royal Jelly
 14913 | Slime:5  | Noticed an azure jelly
 15439 | Lair:5   | Reached skill level 10 in Shields
 15450 | Lair:5   | Lost mutation: You have large cloven feet. [Jiyva's grace]
 15450 | Lair:5   | Lost mutation: You have acidic saliva. [Jiyva's grace]
 15450 | Lair:5   | Lost mutation: Armour fits poorly on your massive
                  | pseudopods. [Jiyva's grace]
 15450 | Lair:5   | Lost mutation: Armour fits poorly on your large pseudopods.
                  | [Jiyva's grace]
 15450 | Lair:5   | Lost mutation: You are covered in slimy tendrils that may
                  | disarm your opponents. [Jiyva's grace]
 15450 | Lair:5   | Gained mutation: You are agile. (Dex +4, Str/Int -1)
                  | [Jiyva's grace]
 15450 | Lair:5   | Gained mutation: You are very agile. (Dex +8, Str/Int -2)
                  | [Jiyva's grace]
 15450 | Lair:5   | Gained mutation: Your body has grown eyes which may confuse
                  | attackers. (Acc +3) [Jiyva's grace]
 15450 | Lair:5   | Gained mutation: Your body has grown many eyes which may
                  | confuse attackers. (Acc +5) [Jiyva's grace]
 15579 | Lair:5   | Reached skill level 14 in Axes
 16240 | D:10     | Found a hide-covered altar of Uskayaw.
 16352 | D:10     | Killed Erica
 16533 | D:10     | Found an ornate altar of the Wu Jian Council.
 16609 | D:8      | Bought a ring of flight for 210 gold pieces
 16609 | D:8      | Bought a ring of see invisible for 180 gold pieces
 16794 | D:11     | Found a blossoming altar of Fedhas.
 17920 | D:12     | Reached XP level 14. HP: 117/124 MP: 14/14
 17962 | D:12     | Reached skill level 5 in Dodging
 18480 | D:13     | Gained mutation: Your flesh is cold resistant. (rC+)
                  | [Jiyva's grace]
 18480 | D:13     | Gained mutation: Your flesh is very cold resistant. (rC++)
                  | [Jiyva's grace]
 18480 | D:13     | Gained mutation: Your flesh is almost immune to the effects
                  | of cold. (rC+++) [Jiyva's grace]
 18480 | D:13     | Gained mutation: You expend magic power (3 MP) to
                  | strengthen your wands. [Jiyva's grace]
 18664 | D:13     | Found a gate to the Vaults.
 18697 | D:13     | Noticed Jorgrun
 18701 | D:13     | Killed Jorgrun
 18895 | D:13     | Reached skill level 15 in Axes
 19549 | D:14     | Noticed Snorg
 19556 | D:14     | Killed Snorg
 19567 | D:14     | Found a gate leading to a gauntlet.
 19588 | Gauntlet | Entered a Gauntlet
 19588 | Gauntlet | Found a transporter.
 19597 | Gauntlet | Found a transporter.
 19600 | Gauntlet | Found a transporter.
 19601 | Gauntlet | Found a transporter.
 19612 | Gauntlet | Found a transporter.
 19612 | Gauntlet | Found a transporter.
 19613 | Gauntlet | Found a transporter.
 19622 | Gauntlet | Found a transporter.
 19625 | Gauntlet | Found a transporter.
 19626 | Gauntlet | Found a transporter.
 19634 | Gauntlet | Found a transporter.
 19637 | Gauntlet | Found a transporter.
 19638 | Gauntlet | Found a transporter.
 19650 | Gauntlet | Found a transporter.
 19657 | Gauntlet | Found a runed translucent door.
 19752 | Gauntlet | Reached skill level 5 in Stealth
 19882 | Gauntlet | Identified the +2 chain mail of Day {rC+ Will+ Slay-2}
 19888 | Abyss:2  | Cast into level 2 of the Abyss (minotaur)
 19947 | Abyss:2  | Noticed a profane servitor
 19959 | Abyss:2  | Gained mutation: You are covered in slimy tendrils that may
                  | disarm your opponents. [Jiyva's grace]
 19959 | Abyss:2  | Gained mutation: Your translucent skin slightly reduces
                  | your foes' accuracy. (Stealth+) [Jiyva's grace]
 19959 | Abyss:2  | Gained mutation: Your translucent skin reduces your foes'
                  | accuracy. (Stealth+) [Jiyva's grace]
 19959 | Abyss:2  | Gained mutation: Your transparent skin significantly
                  | reduces your foes' accuracy. (Stealth+) [Jiyva's grace]
 20068 | Abyss:2  | Noticed a green very ugly thing
 20072 | Abyss:2  | Killed a green very ugly thing
 20189 | Abyss:2  | Noticed a tentacled starspawn
 20195 | Abyss:2  | Killed a tentacled starspawn
 20236 | Gauntlet | Escaped the Abyss
 20255 | Gauntlet | Identified the +3 leather armour of the Vacuum {rCorr
                  | Dex+2}
 20255 | Gauntlet | Identified the +3 leather armour "Idghan" {Dex+3}
 20457 | D:14     | Found a runed translucent door.
 20741 | D:14     | Lost mutation: Your body has grown many eyes which may
                  | confuse attackers. (Acc +5) [potion of mutation]
 20741 | D:14     | Lost mutation: Your flesh is almost immune to the effects
                  | of cold. (rC+++) [potion of mutation]
 20741 | D:14     | Lost mutation: You are covered in slimy tendrils that may
                  | disarm your opponents. [potion of mutation]
 20741 | D:14     | Lost mutation: You are strong-willed. (Will+) [potion of
                  | mutation]
 20741 | D:14     | Lost mutation: Your body has grown eyes which may confuse
                  | attackers. (Acc +3) [potion of mutation]
 20741 | D:14     | Lost mutation: Armour fits poorly on your pseudopods.
                  | [potion of mutation]
 20741 | D:14     | Gained mutation: You sometimes lose your temper in combat.
                  | [potion of mutation]
 20741 | D:14     | Lost mutation: You expend magic power (3 MP) to strengthen
                  | your wands. [potion of mutation]
 20741 | D:14     | Gained mutation: You have large cloven feet. [potion of
                  | mutation]
 20741 | D:14     | Lost mutation: You sometimes lose your temper in combat.
                  | [potion of mutation]
 20741 | D:14     | Gained mutation: Your flesh is heat resistant. (rF+)
                  | [potion of mutation]
 20741 | D:14     | Gained mutation: You have hoof-like feet. [potion of
                  | mutation]
 20892 | D:14     | Noticed Roxanne
 20922 | D:14     | Killed Roxanne
 21040 | D:14     | Lost mutation: You are very agile. (Dex +8, Str/Int -2)
                  | [Jiyva's grace]
 21040 | D:14     | Lost mutation: Your flesh is very cold resistant. (rC++)
                  | [Jiyva's grace]
 21040 | D:14     | Lost mutation: Your flesh is heat resistant. (rF+) [Jiyva's
                  | grace]
 21040 | D:14     | Lost mutation: Your transparent skin significantly reduces
                  | your foes' accuracy. (Stealth+) [Jiyva's grace]
 21040 | D:14     | Gained mutation: You are somewhat resistant to further
                  | mutation. [Jiyva's grace]
 21040 | D:14     | Gained mutation: You are somewhat resistant to both further
                  | mutation and mutation removal. [Jiyva's grace]
 21040 | D:14     | Gained mutation: You are almost entirely resistant to
                  | further mutation and mutation removal. [Jiyva's grace]
 21040 | D:14     | Gained mutation: You are partially covered in iridescent
                  | scales. (AC +2) [Jiyva's grace]
 21384 | D:15     | Entered Level 15 of the Dungeon
 21563 | D:15     | Reached XP level 15. HP: 96/134 MP: 15/15
 21900 | D:15     | Reached skill level 10 in Fighting
 21932 | D:15     | Found a staircase to the Depths.
 21982 | D:15     | Reached skill level 16 in Axes
 22383 | Orc:1    | Entered Level 1 of the Orcish Mines
 22387 | Orc:1    | Noticed Fannar
 22436 | Orc:1    | Killed Fannar
 22824 | Orc:2    | Entered Level 2 of the Orcish Mines
 22824 | Orc:2    | Noticed Saint Roka
 22884 | Orc:2    | Lost mutation: You have hoof-like feet. [Jiyva's grace]
 22884 | Orc:2    | Lost mutation: Your flesh is cold resistant. (rC+) [Jiyva's
                  | grace]
 22884 | Orc:2    | Gained mutation: You have a somewhat thin skeletal
                  | structure. (Dex +2, Stealth+) [Jiyva's grace]
 22884 | Orc:2    | Gained mutation: You have a moderately thin skeletal
                  | structure. (Dex +4, Stealth++) [Jiyva's grace]
 22884 | Orc:2    | Gained mutation: You have an unnaturally thin skeletal
                  | structure. (Dex +6, Stealth+++) [Jiyva's grace]
 22884 | Orc:2    | Gained mutation: Your body has grown eyes which may confuse
                  | attackers. (Acc +3) [Jiyva's grace]
 22917 | Orc:2    | Found a staircase to the Elven Halls.
 23079 | Orc:2    | Found a frozen archway.
 23085 | Orc:2    | Identified 2 scrolls of acquirement
 23085 | Orc:2    | Acquired a ring of poison resistance
 23128 | IceCv    | Entered an ice cave
 23549 | IceCv    | Identified the +1 long sword of Avouffen {drain, rN++ Will-
                  | Dex+5}
 23927 | Orc:2    | Acquired the +7 war axe of True Grit {heavy, rF+ Will++
                  | Str+8 Int-5}
 24036 | Orc:2    | Killed Saint Roka
 24257 | Orc:2    | Found Qowocaup's Assorted Antiques.
 24261 | Orc:2    | Bought a wand of digging (2) for 285 gold pieces
 24261 | Orc:2    | Bought 2 potions of mutation for 544 gold pieces
 24435 | Orc:2    | Found Dykul's Magic Scroll Shop.
 24435 | Orc:2    | Found Esiuda's Antique Armour Shoppe.
 24437 | Orc:2    | Found Puoqeoni's Antique Weapon Emporium.
 24439 | Orc:2    | Found Himidaa's Book Boutique.
 24443 | Orc:2    | Bought a scroll of magic mapping for 127 gold pieces
 24720 | Shoals:1 | Entered Level 1 of the Shoals
 24805 | Shoals:1 | Reached XP level 16. HP: 146/146 MP: 16/16
 24888 | Shoals:1 | Reached skill level 17 in Axes
 25298 | Shoals:1 | Noticed Nikola
 25315 | Shoals:1 | Killed Nikola
 25733 | Shoals:2 | Noticed Polyphemus
 25784 | Shoals:2 | Lost mutation: You have an unnaturally thin skeletal
                  | structure. (Dex +6, Stealth+++) [Jiyva's grace]
 25784 | Shoals:2 | Lost mutation: You are almost entirely resistant to further
                  | mutation and mutation removal. [Jiyva's grace]
 25784 | Shoals:2 | Lost mutation: Your translucent skin reduces your foes'
                  | accuracy. (Stealth+) [Jiyva's grace]
 25784 | Shoals:2 | Gained mutation: Your movements are slightly less
                  | encumbered by armour. (ER -2) [Jiyva's grace]
 25784 | Shoals:2 | Gained mutation: Your movements are less encumbered by
                  | armour. (ER -4) [Jiyva's grace]
 25784 | Shoals:2 | Gained mutation: Your movements are significantly less
                  | encumbered by armour. (ER -6) [Jiyva's grace]
 25784 | Shoals:2 | Gained mutation: Your translucent skin reduces your foes'
                  | accuracy. (Stealth+) [Jiyva's grace]
 26226 | Shoals:2 | Killed Polyphemus
 26405 | Shoals:2 | Noticed a kraken
 26412 | Shoals:2 | Killed a kraken
 26953 | Shoals:3 | Noticed Ilsuiw
 27265 | Shoals:3 | Killed Ilsuiw
 27535 | Shoals:4 | Entered Level 4 of the Shoals
 27703 | Shoals:4 | Noticed a titan
 27716 | Shoals:4 | Reached XP level 17. HP: 127/156 MP: 17/17
 28069 | Shoals:4 | Paralysed by an air elemental for 1 turns
 28177 | Shoals:4 | Noticed Louise
 28304 | Shoals:4 | Reached skill level 10 in Stealth
 28321 | Shoals:4 | Paralysed by an air elemental for 1 turns
 28329 | Shoals:4 | Identified the ring "Laiqytei" {rElec Will+ Str+6 Int+2
                  | Stlth-}
 28420 | Shoals:4 | Identified the +0 morningstar of Ezynitih {drain, *Noise
                  | Int+5}
 28431 | Shoals:4 | Paralysed by an air elemental for 1 turns
 28464 | Shoals:4 | Killed Louise
 28495 | Shoals:4 | Reached skill level 5 in Throwing
 28496 | Shoals:4 | Killed a titan
 28507 | Shoals:4 | Got a barnacled rune of Zot
 28521 | Shoals:4 | Lost mutation: You are partially covered in iridescent
                  | scales. (AC +2) [Jiyva's grace]
 28521 | Shoals:4 | Lost mutation: You have a moderately thin skeletal
                  | structure. (Dex +4, Stealth++) [Jiyva's grace]
 28521 | Shoals:4 | Lost mutation: You are somewhat resistant to both further
                  | mutation and mutation removal. [Jiyva's grace]
 28521 | Shoals:4 | Gained mutation: Your flesh is cold resistant. (rC+)
                  | [Jiyva's grace]
 28521 | Shoals:4 | Gained mutation: Your flesh is very cold resistant. (rC++)
                  | [Jiyva's grace]
 28521 | Shoals:4 | Gained mutation: Your flesh is almost immune to the effects
                  | of cold. (rC+++) [Jiyva's grace]
 28521 | Shoals:4 | Gained mutation: You are partially covered in iridescent
                  | scales. (AC +2) [Jiyva's grace]
 28716 | Shoals:4 | Paralysed by an air elemental for 1 turns
 28732 | Shoals:4 | Paralysed by an air elemental for 1 turns
 28944 | Spider:1 | Entered Level 1 of the Spider Nest
 29463 | Spider:2 | Noticed Azrael
 29471 | Spider:2 | Killed Azrael
 29788 | Spider:2 | Noticed Arachne
 29870 | Spider:2 | Noticed Donald
 29878 | Spider:2 | Killed Donald
 29890 | Spider:2 | Reached skill level 18 in Axes
 30278 | Spider:3 | Reached XP level 18. HP: 152/167 MP: 18/18
 30353 | Spider:3 | Lost mutation: You have large cloven feet. [Jiyva's grace]
 30353 | Spider:3 | Lost mutation: You are somewhat resistant to further
                  | mutation. [Jiyva's grace]
 30353 | Spider:3 | Lost mutation: Your body has grown eyes which may confuse
                  | attackers. (Acc +3) [Jiyva's grace]
 30353 | Spider:3 | Lost mutation: Your translucent skin reduces your foes'
                  | accuracy. (Stealth+) [Jiyva's grace]
 30353 | Spider:3 | Gained mutation: You have very sharp teeth. [Jiyva's grace]
 30353 | Spider:3 | Gained mutation: You have extremely sharp teeth. [Jiyva's
                  | grace]
 30353 | Spider:3 | Gained mutation: You have razor-sharp teeth. [Jiyva's
                  | grace]
 30353 | Spider:3 | Gained mutation: You have hidden genetic potential.
                  | [Jiyva's grace]
 30460 | Spider:3 | Noticed Bai Suzhen
 30701 | Spider:3 | Reached skill level 15 in Shields
 31205 | Spider:3 | Killed Bai Suzhen
 31251 | Spider:4 | Entered Level 4 of the Spider Nest
 31546 | Spider:4 | Reached skill level 5 in Evocations
 31855 | Spider:3 | Gained mutation: You occasionally shout uncontrollably at
                  | your foes. [mutagenic glow]
 31870 | Spider:3 | Lost mutation: You are agile. (Dex +4, Str/Int -1)
                  | [mutagenic glow]
 32045 | Spider:4 | Got a gossamer rune of Zot
 32620 | Vaults:1 | Entered Level 1 of the Vaults
 32939 | Vaults:1 | Lost mutation: You are partially covered in iridescent
                  | scales. (AC +2) [Jiyva's grace]
 32939 | Vaults:1 | Gained mutation: Your rubbery body absorbs attacks. (AC +1,
                  | EV +1) [Jiyva's grace]
 32939 | Vaults:1 | Gained mutation: Your pliable body absorbs attacks. (AC +2,
                  | EV +2) [Jiyva's grace]
 32939 | Vaults:1 | Gained mutation: Your gelatinous body deflects attacks. (AC
                  | +3, EV +3) [Jiyva's grace]
 32939 | Vaults:1 | Gained mutation: You are covered in slimy tendrils that may
                  | disarm your opponents. [Jiyva's grace]
 33065 | Vaults:1 | Found a portal to a secret trove of treasure.
 33180 | Vaults:1 | Found Rasal's Magic Scroll Emporium.
 33196 | Vaults:1 | Bought a scroll of enchant armour for 97 gold pieces
 33241 | Vaults:1 | You paid a toll of +3 storm dragon scales to enter a
                  | treasure trove
 33242 | Trove    | Entered a treasure trove
 33276 | Trove    | Got Sif Muna's Beginning Course on Sorcery
 33296 | Trove    | Identified the ring of Leitod {Wiz Int+6 Stlth+}
 33298 | Trove    | Identified the ring "Sybat" {AC+4 Dex+4}
 33300 | Trove    | Identified the amulet of the Thirsty Invaders {Acrobat
                  | Dex+3}
 33544 | Vaults:1 | Reached XP level 19. HP: 178/178 MP: 19/19
 33565 | Vaults:1 | Gained mutation: You have large cloven feet. [hidden
                  | potential]
 34056 | Vaults:2 | Found a staircase to the Crypt.
 34056 | Vaults:2 | Found a basalt altar of Yredelemnul.
 34056 | Vaults:2 | Found an ancient bone altar of Kikubaaqudgha.
 34059 | Vaults:2 | Identified the +1 robe "Xuadarch" {rC+ Will+++ Int-5 Dex+3}
 34310 | Vaults:2 | Reached skill level 1 in Translocations
 34364 | Vaults:2 | Lost mutation: You have a somewhat thin skeletal structure.
                  | (Dex +2, Stealth+) [Jiyva's grace]
 34364 | Vaults:2 | Lost mutation: Your gelatinous body deflects attacks. (AC
                  | +3, EV +3) [Jiyva's grace]
 34364 | Vaults:2 | Lost mutation: Your pliable body absorbs attacks. (AC +2,
                  | EV +2) [Jiyva's grace]
 34364 | Vaults:2 | Lost mutation: Your movements are significantly less
                  | encumbered by armour. (ER -6) [Jiyva's grace]
 34364 | Vaults:2 | Gained mutation: You have acidic saliva. [Jiyva's grace]
 34364 | Vaults:2 | Gained mutation: Armour fits poorly on your pseudopods.
                  | [Jiyva's grace]
 34364 | Vaults:2 | Gained mutation: Armour fits poorly on your large
                  | pseudopods. [Jiyva's grace]
 34364 | Vaults:2 | Gained mutation: Armour fits poorly on your massive
                  | pseudopods. [Jiyva's grace]
 34676 | Vaults:3 | Reached skill level 1 in Spellcasting
 35023 | Orc:2    | Bought a glimmering scale mail for 243 gold pieces
 35023 | Orc:2    | Identified the +1 scale mail of Vehumet's Approval {Harm
                  | Fly SInv Stlth-} (You bought it in a shop on level 2 of the
                  | Orcish Mines)
 35023 | Orc:2    | Bought a spiked chain mail for 256 gold pieces
 35023 | Orc:2    | Identified the +0 chain mail of Pride {rC+ Slay+3} (You
                  | bought it in a shop on level 2 of the Orcish Mines)
 35297 | Vaults:3 | Learned a level 2 spell: Blink
 35305 | Vaults:3 | Learned a level 1 spell: Apportation
 35886 | Vaults:3 | Reached skill level 15 in Fighting
 35949 | Vaults:3 | Reached skill level 19 in Axes
 36122 | Vaults:4 | Reached XP level 20. HP: 190/190 MP: 25/25
 36143 | Vaults:4 | Gained mutation: You passively map a small area around you.
                  | [hidden potential]
 36143 | Vaults:4 | Lost mutation: You have hidden genetic potential. [hidden
                  | potential expressed]
 36346 | Vaults:4 | Reached skill level 5 in Translocations
 36524 | Vaults:4 | Lost mutation: You have razor-sharp teeth. [Jiyva's grace]
 36524 | Vaults:4 | Lost mutation: You occasionally shout uncontrollably at
                  | your foes. [Jiyva's grace]
 36524 | Vaults:4 | Lost mutation: Armour fits poorly on your massive
                  | pseudopods. [Jiyva's grace]
 36524 | Vaults:4 | Lost mutation: Armour fits poorly on your large pseudopods.
                  | [Jiyva's grace]
 36524 | Vaults:4 | Lost mutation: Your movements are less encumbered by
                  | armour. (ER -4) [Jiyva's grace]
 36524 | Vaults:4 | Gained mutation: You are somewhat resistant to further
                  | mutation. [Jiyva's grace]
 36524 | Vaults:4 | Gained mutation: You are somewhat resistant to both further
                  | mutation and mutation removal. [Jiyva's grace]
 36524 | Vaults:4 | Gained mutation: You are almost entirely resistant to
                  | further mutation and mutation removal. [Jiyva's grace]
 36524 | Vaults:4 | Gained mutation: Your body has grown eyes which may confuse
                  | attackers. (Acc +3) [Jiyva's grace]
 37265 | Elf:1    | Entered Level 1 of the Elven Halls
 37265 | Elf:1    | Noticed Frances
 37272 | Elf:1    | Killed Frances
 37387 | Elf:1    | Found Dierum's Antique Weapon Shoppe.
 37467 | Elf:1    | Got the Vellum of Torrid Space
 37544 | Elf:1    | Identified the +5 mace "Wocok" {heavy, MP+9 Int+2}
 37784 | Elf:1    | Reached skill level 5 in Spellcasting
 37992 | Elf:2    | Paralysed by an air elemental for 1 turns
 38014 | Elf:2    | Noticed Zenata
 38024 | Elf:2    | Killed Zenata
 38188 | Elf:2    | Lost mutation: You have extremely sharp teeth. [Jiyva's
                  | grace]
 38188 | Elf:2    | Lost mutation: You have very sharp teeth. [Jiyva's grace]
 38188 | Elf:2    | Lost mutation: You are almost entirely resistant to further
                  | mutation and mutation removal. [Jiyva's grace]
 38188 | Elf:2    | Lost mutation: You passively map a small area around you.
                  | [Jiyva's grace]
 38188 | Elf:2    | Lost mutation: You have acidic saliva. [Jiyva's grace]
 38188 | Elf:2    | Gained mutation: Your spells are a little harder to cast,
                  | but a little more powerful. [Jiyva's grace]
 38188 | Elf:2    | Gained mutation: Your spells are harder to cast, but more
                  | powerful. [Jiyva's grace]
 38188 | Elf:2    | Gained mutation: Your spells are much harder to cast, but
                  | much more powerful. [Jiyva's grace]
 38188 | Elf:2    | Gained mutation: Your movements are less encumbered by
                  | armour. (ER -4) [Jiyva's grace]
 38397 | Elf:2    | Found a huge runed translucent gate.
 38397 | Elf:2    | Found a huge runed translucent gate.
 38407 | Elf:2    | Found a huge runed translucent gate.
 38491 | Elf:2    | Found a runed translucent gate.
 38491 | Elf:2    | Found a runed translucent gate.
 38492 | Elf:2    | Found a runed translucent gate.
 38493 | Elf:2    | Noticed kalagan's ghost (journeyman DECj)
 38764 | Elf:2    | Found a huge runed translucent gate.
 38764 | Elf:2    | Found a huge runed translucent gate.
 38990 | Elf:2    | Reached XP level 21. HP: 188/200 MP: 29/29
 39202 | Elf:2    | Killed kalagan's ghost
 39210 | Elf:2    | Identified the +8 falchion of the Chain {pain, rCorr Str+4
                  | Int+3}
 39494 | Lair:4   | Killed sneaky's ghost
 39502 | Lair:4   | Got the Elucidation of Transposed Rime
 39631 | Spider:2 | Killed Arachne
 39917 | Elf:2    | Upgraded the game from 0.30.1-9-gdf580d7c3d to
                  | 0.30.1-10-g1249ef9ec4
 39918 | Elf:3    | Entered Level 3 of the Elven Halls
 40364 | Elf:3    | Paralysed by an air elemental for 1 turns
 40505 | Elf:3    | Upgraded the game from 0.30.1-10-g1249ef9ec4 to
                  | 0.30.1-11-g7821555f0a
 40945 | Elf:3    | Identified the staff of poison "Sobbogiu" {rPois rC- rN+
                  | Int+3}
 41005 | Elf:3    | HP: 7/202 [deep elf master archer (8)]
 41006 | Elf:3    | Mangled by a deep elf blademaster

Illustrated notes

Levels and vault maps discovered:
D:1:      dpeg_arrival_renting, layout_loops_ring, hangedman_feature_mirror,
          minmay_3d_cube
D:2:      layout_loops_ring
D:3:      layout_basic, led_xom_imps, minmay_misc_feat_secret_circle
D:4:      layout_loops_ring, lemuel_blue_sif_altar, uniq_pikel
D:5:      layout_loops_ring, mainiacjoe_overflow_six_doors_small,
          minmay_temple_entry_glassed_door, portal_sewer_entry_b,
          grunt_ministairs_7, uniq_sigmund
D:6:      layout_basic
D:7:      layout_basic
D:8:      layout_basic, nicolae_ru_path_of_blood, zin_angel,
          lemuel_mausoleum_altar_kikubaaqudgha, nicolae_overflow_hidden_temple,
          david_lair_generic, enter_bailey_4, serial_shops,
          nicolae_stop_n_shop_1
D:9:      layout_gridville, lemuel_round_altar, david_orc_4, grunt_ogre_cave
D:10:     layout_cave_pods, nicolae_wu_jian_glorious_leap,
          nicolae_uskayaw_dance_studio, minivault_20, uniq_erica, uniq_nergalle
D:11:     layout_basic, serial_bayou, serial_bayou_pond_a, serial_bayou_pond_b,
          serial_bayou_shore_a, serial_bayou_shore_b, fedhas_ov_isle_minmay
D:12:     layout_loops_cross
D:13:     layout_loops_ring, david_vaults_2, serial_rivers,
          chequers_serial_rivers_small_3, chequers_serial_rivers_micro_a,
          chequers_serial_rivers_small_b, chequers_serial_rivers_room_a,
          chequers_serial_rivers_micro_b, blue_anna_alchemist, uniq_jorgrun
D:14:     layout_loops_corners, gauntlet_entry_generic, lightli_church_of_beogh,
          uniq_roxanne, uniq_snorg
D:15:     gammafunk_enter_depths_forms, layout_irregular_city,
          minmay_misc_feat_encased
Temple:   nicolae_temple_hex_pool
Lair:1:   layout_roguey, uniq_harold
Lair:2:   layout_long_grid, minmay_shoals_entry_centaurs
Lair:3:   layout_cave_pods, hellmonk_spider_entry_not_the_bees
Lair:4:   layout_long_grid, minmay_slime_entry_jelly_boxes,
          gammafunk_ghost_berserking_beasts, lemuel_fruit_fields,
          lemuel_fruit_fields
Lair:5:   minmay_lair_end_enchanted_forest, layout_regular_city,
          serial_bayou_lake_a
Shoals:1: layout_shoals, uniq_nikola
Shoals:2: layout_shoals, nicolae_shoals_stone_sculpture_thing,
          hangedman_shoal_volcano, uniq_polyphemus
Shoals:3: layout_shoals, uniq_ilsuiw
Shoals:4: shoals_end_hellmonk_storm_palace [storm_palace_center_circular,
          storm_palace_corner_reverse_hut, storm_palace_corner_grid,
          storm_palace_corner_pillars, storm_palace_corner_narrow], uniq_louise
Spider:1: layout_spider_delve
Spider:2: layout_spider_delve, nicolae_spider_circle_web,
          nicolae_spider_jagged_tunnels, uniq_azrael, uniq_donald, uniq_arachne
Spider:3: layout_spider_delve, hangedman_spider_tarantella_strand,
          uniq_bai_suzhen
Spider:4: hellmonk_spider_rune_bug_friends, drop_trap, nicolae_orb_island
Slime:1:  layout_caves, nicolae_slime_phagocytosis
Slime:2:  layout_caves
Slime:3:  layout_caves, cheibrodos_slime_lost_civilization_7
Slime:4:  layout_caves, nicolae_slime_welcoming_committee
Slime:5
Orc:1:    layout_caves, uniq_fannar
Orc:2:    st_orc_rangers, layout_diamond_mine, serial_shops,
          nicolae_shop_back_alley_shop, portal_ice_cave_entry_pillars_1,
          basic_altar, uniq_saint_roka
Elf:1:    minmay_elf_arrival_plus, layout_geoelf_grid, minmay_elf_demonology,
          minmay_shop_star, uniq_frances
Elf:2:    elven_hall_of_blades_hangedman_alternative
          [nicolae_blade_entry_pointy_end], layout_loops_cross,
          ebering_ghost_rock_garden, grunt_megastairs_2, uniq_zenata
Elf:3:    elf_hall_gauntlet_wide, layout_geoelf_grid, serial_glass,
          glass_columns_c, glass_columns_a, small_statue_intersection
Vaults:1: hangedman_vaults_river_flow, v_misc_30, ontoclasm_vaults_tryst,
          v_misc_18, nicolae_vaults_wine_cellar, v_misc_2,
          hangedman_vaults_restitches, nicolae_vaults_shipping_containers_3,
          nicolae_vaults_diagonal_hallway_9, nicolae_vaults_tetromino_L_1,
          layout_vaults_omnicross, serial_shops, shop, enter_trove_0
Vaults:2: v_alt_pattern_4, v_misc_30, minmay_crypt_entry_necro_gods,
          nicolae_vaults_storage_closets_3, nicolae_vaults_tetromino_T_2,
          vaults_room_corners, vaults_room_fours, nicolae_vaults_diamond_1,
          vaults_dpeg_diagonal, layout_vaults_omnigrid
Vaults:3: nicolae_vaults_circle_grid_a, hangedman_vaults_snaps, v_misc_30,
          nicolae_vaults_three_branches, nicolae_vaults_whirlpool_walls,
          hangedman_vaults_variations, nicolae_vaults_lightning_bolt,
          vaults_room_pool, nicolae_vaults_storage_closets_1,
          nicolae_vaults_turnstiles, nicolae_vaults_tetromino_Z_2,
          vaults_room_semicircle, layout_vaults_maze_snakey
Vaults:4: nicolae_vaults_tetromino_T_1, st_cells,
          nicolae_vaults_mini_display_case, v_misc_9,
          hangedman_vaults_stretched_pinwheel, nicolae_vaults_border_crossing,
          nicolae_vaults_trapezoid_lopsided_3, nicolae_vaults_diamond_2,
          layout_vaults_big_room

Skill      XL: |  1  2  3  4  5  6  7  8  9 10 11 12 13 14 15 16 17 18 19 20 21 |
---------------+----------------------------------------------------------------+-----
Axes           | 2 3 4 5 6 8 10 11 12 13 14 15 16 17 18 19 | 19.7
Armour         | 4 5 6 7 8 10 11 12 13 14 | 14.9
Fighting       | 3 4 5 6 7 8 9 11 12 13 14 15 16 | 16.3
Dodging        | 1 2 3 4 5 6 7 8 |  8.7
Shields        | 4 5 6 8 9 10 11 12 13 14 16 17 | 17.7
Stealth        | 1 2 3 6 7 9 10 | 10.0
Throwing       | 1 2 3 4 5 |  5.9
Evocations     | 1 3 6 7 |  7.2
Translocations | 4 6 7 |  7.8
Spellcasting   | 3 5 6 |  6.5

Action                     |  1- 3 |  4- 6 |  7- 9 | 10-12 | 13-15 | 16-18 | 19-21 || total
---------------------------+-------+-------+-------+-------+-------+-------+-------++-------
  Melee: War axe           |   136 |   106 |   374 |   592 |    47 |   820 |   565 ||  2640
         Tailslap          |     8 |     9 |    43 |    88 |   243 |   193 |   126 ||   710
         Kick              |       |       |    25 |   211 |   296 |   276 |   271 ||  1079
         Bite              |       |       |     9 |    70 |    18 |    61 |    64 ||   222
         Broad axe         |       |       |       |   100 |   974 |       |       ||  1074
         Whip              |       |       |       |     8 |    10 |       |       ||    18
         Pseudopods        |       |       |       |     5 |   154 |       |   177 ||   336
         Spear             |       |       |       |       |    13 |       |       ||    13
  Throw: Dart              |       |       |       |     6 |     3 |       |     1 ||    10
         Boomerang         |       |       |       |    27 |    21 |    81 |     8 ||   137
         Throwing net      |       |       |       |     1 |       |       |       ||     1
 Invoke: Oozemancy         |       |       |       |     3 |     2 |     7 |     1 ||    13
         Slimify           |       |       |       |       |       |     1 |       ||     1
  Evoke: Wand              |       |       |     2 |     5 |     7 |       |     1 ||    15
         Condenser vane    |       |       |       |       |       |     2 |       ||     2
         Box of beasts     |       |       |       |       |       |       |     1 ||     1
    Use: Potion            |       |     2 |     3 |     4 |     8 |     3 |     3 ||    23
         Scroll            |       |       |     7 |     8 |    17 |     6 |     2 ||    40
   Stab: Invisible         |       |       |     3 |       |     5 |       |       ||     8
         Distracted        |       |       |     1 |       |     9 |    15 |     8 ||    33
         Confused          |       |       |       |       |    22 |     3 |     3 ||    28
         Sleeping          |       |       |       |       |    14 |    36 |     5 ||    55
 Armour: Scale mail        |    62 |    43 |   157 |   278 |   246 |    94 |       ||   880
         Chain mail        |       |       |       |       |       |   164 |   143 ||   307
  Dodge: Dodged            |    53 |    40 |   105 |   229 |   304 |   314 |   248 ||  1293
  Block: Buckler           |    16 |    15 |   165 |   323 |   507 |   324 |       ||  1350
         Reflection        |       |       |     1 |     3 |    53 |    17 |    50 ||   124
         Kite shield       |       |       |       |       |       |   311 |   335 ||   646
Riposte: Broad axe         |       |       |       |       |   192 |       |       ||   192
         Whip              |       |       |       |       |     2 |       |       ||     2
         Spear             |       |       |       |       |     4 |       |       ||     4
         War axe           |       |       |       |       |     9 |   261 |   147 ||   417
